 Dungeon Crawl Stone Soup version 0.17.1-1-g73c8601 (webtiles) character file.

11689 lucasterio the Basher (level 11, -2/82 HPs)
             Began as a Demonspawn Berserker on Dec 18, 2015.
             Was a High Priest of Trog.
             Slain by a seven-headed hydra (10 damage)
             ... on level 11 of the Dungeon.
             The game lasted 00:43:11 (10509 turns).

lucasterio the Basher (Demonspawn Berserker)       Turns: 10509, Time: 00:43:11

Health: -2/82      AC: 15    Str: 19 (20) XL:     11   Next: 52%
Magic:  3/3        EV: 11    Int:  9      God:    Trog [*****.]
Gold:   628        SH:  0    Dex: 12 (13) Spells: 0 memorised, 10 levels left

rFire  + . .     SeeInvis +     C - +4 dire flail (antimagic)
rCold  . . .     Clarity  +     U - +1 ring mail of Gusax {rN++ SInv Stlth-}
rNeg   + + +     SustAt   .     (shield currently unavailable)
rPois  .         Gourm    .     (helmet restricted)
rElec  .         Spirit   .     t - +1 cloak
rCorr  .         Warding  +     u - +1 pair of gloves
rMut   .         Stasis   .     (no boots)
MR     .....                    M - amulet of warding
Stlth  ..........               R - ring of protection from fire
                                l - ring of loudness (curse)

@: not resistant to hostile enchantments, extremely unstealthy
A: horns 2, yellow scales 1, clarity, deterioration 1, powered by pain 1, robust
1, spiny 2
a: Berserk, Trog's Hand, Brothers in Arms, Burn Spellbooks, Renounce Religion


You were on level 11 of the Dungeon.
You worshipped Trog.
Trog was extremely pleased with you.
You were not hungry.

You visited 1 branch of the dungeon, and saw 12 of its levels.
You also visited: Bailey.

You collected 628 gold pieces.

Inventory:

Hand Weapons
 C - a +4 antimagic dire flail (weapon)
 P - a +3 flail
 W - a +0 shortbow
Missiles
 w - 115 arrows
Armour
 e - a +0 shield
 t - a +1 cloak (worn)
 u - a +1 pair of gloves (worn)
 y - a +0 scale mail
 S - a cursed +0 plate armour
 U - the +1 ring mail of Gusax (worn) {rN++ SInv Stlth-}
   (You found it on level 9 of the Dungeon)

   It greatly protects you from negative energy.
   It lets you see invisible.
   It makes you less stealthy.
Jewellery
 l - a cursed ring of loudness (left hand)
 M - an amulet of warding (around neck)
 R - a ring of protection from fire (right hand)
Wands
 a - a wand of confusion (22)
 F - a wand of flame (18)
 N - a wand of polymorph (12)
 O - a wand of draining (3)
 Q - a wand of magic darts (28)
 T - a wand of polymorph (4)
 X - a wand of hasting (6)
 Y - a wand of paralysis (7)
 Z - a wand of frost (18)
Scrolls
 d - 3 scrolls of amnesia {unknown}
 f - 3 scrolls of blinking {unknown}
 i - 3 scrolls of random uselessness {unknown}
 p - 3 scrolls of immolation {unknown}
 q - 4 scrolls of teleportation {unknown}
 s - 8 scrolls of remove curse {unknown}
 v - 2 scrolls of identify
 A - 4 scrolls of magic mapping {unknown}
 B - 2 scrolls of recharging {unknown}
 D - a scroll of noise {unknown}
 H - a scroll of vulnerability {unknown}
 I - 3 scrolls of enchant weapon {unknown}
 L - 2 scrolls of fear {unknown}
 V - a scroll of fog {unknown}
Potions
 g - a potion of lignification
 h - 2 potions of cancellation
 j - 2 potions of flight
 k - 3 potions of curing
 o - 2 potions of cure mutation
 r - 2 potions of heal wounds
 x - 5 potions of haste
 J - 4 potions of might
 K - a potion of invisibility {unknown}
Comestibles
 b - 6 fruits
 c - 8 bread rations
 m - a royal jelly
 n - 8 slices of pizza
 z - 4 meat rations
 E - 5 beef jerkies


   Skills:
 - Level 3.0 Fighting
 * Level 13.7 Maces & Flails
 + Level 9.8 Armour
 - Level 1.7 Dodging


You had 10 spell levels left.
You didn't know any spells.

Dungeon Overview and Level Annotations

Branches:
Dungeon (12/15)            Temple (0/1) D:6            Lair (0/8) D:11
    Orc: D:9-12

Altars:
Cheibriados
Dithmenos
Fedhas
Makhleb
Nemelex Xobeh
Okawaru
Ru
Sif Muna
Yredelemnul
Zin
The Shining One

Shops:
D:3 *   D:6 [


Innate Abilities, Weirdness & Mutations

You have a pair of horns on your head.
You are partially covered in yellow scales (AC +2).
You sometimes gain a little power by taking damage.
You are mostly covered in sharp spines.
You possess an exceptional clarity of mind.
Your body sometimes deteriorates upon taking damage.
You are robust (+10% HP).


Message History

The seven-headed hydra barely misses you.
The seven-headed hydra bites you! The seven-headed hydra bites you.
The seven-headed hydra bites you. x2
The seven-headed hydra bites you but does no damage.
The seven-headed hydra bites you.
* * * LOW HITPOINT WARNING * * *
You are too injured to fight recklessly!
You barely miss the seven-headed hydra.
The seven-headed hydra is moderately wounded.
You hit the seven-headed hydra. You headbutt the seven-headed hydra.
The seven-headed hydra is heavily wounded.
The seven-headed hydra is struck by your spines.
The seven-headed hydra bites you!
* * * LOW HITPOINT WARNING * * *
Your body deteriorates!
You feel weakened. The seven-headed hydra bites you.
* * * LOW HITPOINT WARNING * * *
The seven-headed hydra bites you but does no damage.
The seven-headed hydra bites you!
You die...

#.......###........=.#######
#.......'.#..........'......
####.......#.#..........#######
###..'.......#.#..........# #
....##.......#.#..........#
######.......#.'..........#
#.......###..........#
######### #.D........#
#@........(# ############


You could see a seven-headed hydra.

Vanquished Creatures
  Erolcha (D:8)
  Erica (D:8)
  A hydra (D:9)
  A death yak (D:11)
  An unseen horror (D:8)
  A hill giant (D:10)
  An ugly thing (D:11)
  Joseph (D:9)
  2 gargoyles (D:11)
  Psyche (D:8)
  Grinder (D:6)
  2 trolls
  Sigmund (D:6)
  A yak (D:11)
  A hippogriff (D:10)
  A human (D:8)
  Grum (D:8)
  2 steam dragons (D:5)
  3 wolves (D:8)
  6 orc warriors
  2 phantoms
  A water moccasin (D:5)
  2 centaurs
  2 sky beasts
  3 ice beasts
  4 ogres
  A wasp (D:11)
  3 crocodiles
  Blork the orc (D:5)
  5 giant frogs
  A big kobold (D:8)
  A water moccasin skeleton (D:8)
  4 scorpions
  5 killer bees (D:9)
  5 wights (D:6)
  A giant frog zombie (D:11)
  3 hounds
  4 crimson imps
  4 orc priests
  6 jellies
  5 orc wizards
  4 worker ants
  A centaur skeleton (D:8)
  2 iguanas
  A giant frog skeleton (D:10)
  4 sheep (D:8)
  A hound zombie (D:10)
  12 gnolls
  2 river rats (D:11)
  13 adders
  3 shadow imps
  2 oozes
  An adder skeleton (D:4)
  2 worms
  7 giant geckos
  38 orcs
  8 bats
  8 giant cockroaches
  3 hobgoblins
  24 jackals
  10 kobolds
  2 ball pythons
  A giant cockroach zombie (D:5)
  A giant gecko zombie (D:7)
  6 giant newts
  2 gnoll zombies (D:2)
  2 goblins
  A jackal skeleton (D:5)
  3 quokkas
  A quokka skeleton (D:4)
  13 rats
271 creatures vanquished.

Notes
Turn   | Place    | Note
--------------------------------------------------------------
     0 | D:1      | lucasterio the Demonspawn Berserker began the quest for the Orb.
     0 | D:1      | Reached XP level 1. HP: 18/18 MP: 1/1
   260 | D:1      | Gained mutation: You have a pair of small horns on your head. [demonic ancestry]
   260 | D:1      | Reached XP level 2. HP: 22/24 MP: 2/2
  1067 | D:2      | Gained mutation: You have a pair of horns on your head. [demonic ancestry]
  1067 | D:2      | Reached XP level 3. HP: 21/29 MP: 3/3
  1127 | D:2      | Found a shadowy altar of Dithmenos.
  1237 | D:2      | Found a burning altar of Makhleb.
  1238 | D:2      | Found an iron altar of Okawaru.
  1534 | D:2      | Found a sparkling altar of Nemelex Xobeh.
  1620 | D:2      | Reached ** piety under Trog
  1895 | D:2      | Found a basalt altar of Yredelemnul.
  1941 | D:2      | Reached skill level 4 in Maces & Flails
  2002 | D:2      | Gained mutation: You are partially covered in sharp spines. [demonic ancestry]
  2002 | D:2      | Reached XP level 4. HP: 30/35 MP: 4/4
  2020 | D:2      | Found a glowing golden altar of the Shining One.
  2232 | D:3      | Gained mutation: Your body sometimes deteriorates upon taking damage. [potion of mutation]
  2232 | D:3      | Gained mutation: You possess an exceptional clarity of mind. [potion of mutation]
  2232 | D:3      | Gained mutation: You are robust (+10% HP). [potion of mutation]
  2258 | D:3      | Reached XP level 5. HP: 41/45 MP: 5/5
  2423 | D:3      | Reached skill level 5 in Maces & Flails
  2566 | D:3      | Found Zin's Purification Station.
  2570 | D:3      | Found a glowing silver altar of Zin.
  2714 | D:3      | Reached *** piety under Trog
  2990 | D:4      | Gained mutation: You sometimes gain a little power by taking damage. [demonic ancestry]
  2990 | D:4      | Reached XP level 6. HP: 48/51 MP: 6/6
  3392 | D:4      | Reached skill level 6 in Maces & Flails
  3645 | D:4      | Gained mutation: You are partially covered in yellow scales (AC +2). [demonic ancestry]
  3645 | D:4      | Reached XP level 7. HP: 38/57 MP: 7/7
  3866 | D:5      | Entered Level 5 of the Dungeon
  4045 | D:5      | Reached skill level 7 in Maces & Flails
  4052 | D:5      | Noticed Blork the orc
  4057 | D:5      | Killed Blork the orc
  4255 | D:5      | Reached skill level 5 in Armour
  4255 | D:5      | Reached XP level 8. HP: 40/63 MP: 8/8
  4311 | D:5      | Reached skill level 8 in Maces & Flails
  4656 | D:6      | Noticed Sigmund
  4663 | D:6      | Killed Sigmund
  4672 | D:6      | Reached **** piety under Trog
  4698 | D:6      | Found a staircase to the Ecumenical Temple.
  4701 | D:6      | Found Xuplius's Armour Shop.
  4835 | D:6      | Noticed Grinder
  4835 | D:6      | Paralysed by Grinder for 7 turns
  4846 | D:6      | Paralysed by Grinder for 7 turns
  4849 | D:6      | Killed Grinder
  4849 | D:6      | Reached skill level 9 in Maces & Flails
  4919 | D:6      | Found a sparkling altar of Nemelex Xobeh.
  4956 | D:6      | Reached XP level 9. HP: 48/69 MP: 9/9
  4983 | D:6      | Found a deep blue altar of Sif Muna.
  5471 | D:7      | Found a sacrificial altar of Ru.
  5581 | D:7      | Reached skill level 10 in Maces & Flails
  6527 | D:8      | Noticed Grum
  6533 | D:8      | Reached skill level 11 in Maces & Flails
  6539 | D:8      | Killed Grum
  6541 | D:8      | Gained mutation: You are mostly covered in sharp spines. [demonic ancestry]
  6541 | D:8      | Reached XP level 10. HP: 18/77 MP: 10/10
  6560 | D:8      | Noticed Psyche
  6562 | D:8      | Killed Psyche
  6562 | D:8      | Reached ***** piety under Trog
  6914 | D:8      | Found a snail-covered altar of Cheibriados.
  6943 | D:8      | Killed an unseen horror
  7243 | D:8      | Noticed Erica
  7257 | D:8      | Killed Erica
  7257 | D:8      | Reached skill level 12 in Maces & Flails
  7295 | D:8      | Noticed Erolcha
  7306 | D:8      | Killed Erolcha
  7461 | D:9      | Got a heavily runed ring mail
  7495 | D:8      | Identified the +1 ring mail of Gusax {rN++ SInv Stlth-} (You found it on level 9 of the Dungeon)
  7820 | D:9      | Found a blossoming altar of Fedhas.
  7823 | D:9      | Found a flagged portal.
  7832 | Bailey   | Entered a bailey
  8180 | D:9      | Noticed a four-headed hydra
  8188 | D:9      | Killed a four-headed hydra
  8206 | D:9      | Reached XP level 11. HP: 48/82 MP: 11/11
  8369 | D:9      | Noticed Joseph
  8860 | D:9      | Killed Joseph
  8946 | D:10     | Entered Level 10 of the Dungeon
  9063 | D:10     | Reached skill level 13 in Maces & Flails
  9538 | D:10     | Noticed a hill giant
  9543 | D:10     | Killed a hill giant
  9543 | D:10     | Received a gift from Trog
  9794 | D:11     | Found a staircase to the Lair.
  9802 | D:11     | Noticed a death yak
  9818 | D:11     | Killed a death yak
 10494 | D:12     | Noticed a seven-headed hydra
 10495 | D:12     | Noticed a giant orange brain
 10495 | D:12     | a mana viper changed into a giant orange brain
 10496 | D:12     | Noticed an iron dragon
 10496 | D:12     | Noticed a death drake
 10496 | D:12     | a giant orange brain changed into a death drake
 10509 | D:11     | Slain by a seven-headed hydra

Action                   |  1- 3 |  4- 6 |  7- 9 | 10-12 || total
-------------------------+-------+-------+-------+-------++-------
Melee: Mace              |   114 |    30 |       |       ||   144
       Flail             |       |    82 |   223 |   133 ||   438
       Dire flail        |       |       |       |    82 ||    82
       Unarmed           |       |       |       |     5 ||     5
Invok: Berserk           |     1 |       |     5 |     5 ||    11
       Burn Spellbooks   |       |     1 |     2 |     2 ||     5
       Trog's Hand       |       |       |       |     2 ||     2
  Use: Scroll            |       |     1 |       |     9 ||    10
       Potion            |       |     1 |       |       ||     1
 Stab: Sleeping          |       |     1 |       |       ||     1
  Eat: Chunk             |     4 |     6 |    13 |    14 ||    37
       Fruit             |       |       |       |     6 ||     6
